 Dungeon Crawl Stone Soup version 0.31-a0-675-g238779eb0a (webtiles) character file.

Game seed: 12480799700641306601

3652 qw the Fighter (level 10, 75/75 HPs)
             Began as a Gargoyle Hunter on Sept 5, 2023.
             Was an Initiate of Okawaru.
             Quit the game on level 5 of the Dungeon.
             The game lasted 00:15:55 (5261 turns).

qw the Fighter (Gargoyle Hunter)                    Turns: 5261, Time: 00:15:55

Health: 75/75      AC: 18    Str: 15    XL:     10   Next: 12%
Magic:  10/10      EV: 11    Int: 10    God:    Okawaru [......]
Gold:   282        SH:  0    Dex: 17    Spells: 9/9 levels left

rFire   + . .        Y - +0 shortbow (drain)
rCold   + . .        (shield currently unavailable)
rNeg    + . .        b - +0 ring mail
rPois   inf          g - +0 helmet
rElec   +            r - scarf {rC+ rF+}
rCorr   .            h - +2 pair of gloves
SInv    .            f - +0 pair of boots
Will    .....        e - amulet of regeneration
Stlth   +            (no ring)
HPRegen 1.12/turn    (no ring)
MPRegen 0.12/turn

%: no passive effects
@: no status effects
A: sickness immunity, AC +7, negative energy resistance 1, electricity
resistance, torment resistance 1, petrification resistance
a: Renounce Religion


You were on level 5 of the Dungeon.
You worshipped Okawaru.
Okawaru was noncommittal.
You visited 1 branch of the dungeon, and saw 7 of its levels.

You collected 282 gold pieces.


Innate Abilities, Weirdness & Mutations

You are immune to sickness and miasma.
Your stone body is resilient. (AC +7)
You are immune to poison.
You resist negative energy. (rN+)
You are resistant to electric shocks. (rElec)
You are resistant to unholy torment.
You are immune to petrification.


   Skills:
 - Level 14.1 Fighting
 + Level 10.2 Ranged Weapons
 - Level 3.2 Armour
 - Level 2.2 Dodging
 - Level 1.1 Stealth


You had 9 spell levels left.
You didn't know any spells.
Your spell library was empty.

Inventory:

Hand Weapons
 Y - a +0 shortbow of draining (weapon)
Armour
 b - a +0 ring mail (worn)
 f - a +0 pair of boots (worn)
 g - a +0 helmet (worn)
 h - a +2 pair of gloves (worn)
 k - a +0 cloak
 r - a scarf of resistance (worn)
Jewellery
 e - an amulet of regeneration (around neck)
Scrolls
 j - a scroll of identify
Potions
 a - a potion of might
 d - a potion of curing
 m - a potion of lignification {unknown}
 o - a potion of haste {unknown}
 s - a potion of degeneration {unknown}

Dungeon Overview and Level Annotations

Branches:
Dungeon (7/15)
 Temple: D:4-7

Altars:
Cheibriados
Elyvilon
Gozag
Makhleb
Okawaru
Ru
Trog
Wu Jian
Xom

Annotations:
D:2 1 runed translucent door, Crazy Yiuf
D:3 1 runed translucent door, qw's ghost, amateur GrHs
D:4 1 runed translucent door, qw's ghost, amateur MiHs


Message History

Enter note:
Enter note:
Enter note:
Enter note:
Enter note:
Enter note:
Enter note:
Enter note:
Enter note:
Enter note:
Enter note:
Enter note:
Enter note:
Enter note:
Enter note:
Enter note:
Enter note:
Enter note:
Enter note:
Enter note:
Enter note:
Enter note:
Enter note:
Enter note:
Enter note:
Enter note:
Enter note:
Enter note:
Enter note:
Enter note:
Enter note:
Enter note:
Enter note:
Enter note:
Enter note:
Enter note:
Enter note:
Enter note:
5260 ||| Stepping randomly (stuck).
Are you sure you want to abandon this character and quit the game? (Confirm with "yes".)

.# #######..#.##.#######...### .#
##.......# ##....# .#
###..##.#.## ##...#### .#
#...###...# ###..... ..
..##......## ### ### ##...#
.######.......####_###_### #.#..
.............###8...8...8####.###
###.###..>...###.........####.#
.##..##......w#>@........8#...#
......###._.####.........######
#.....# #...####8...8...8###
##.#..# ##### ###_###_### ####.#
### ### ##.#..# #.....# ......#
.######


You could see a worm.

Vanquished Creatures
  Grinder (D:3)
  An acid dragon (D:6)
  2 water moccasins (D:6)
  Duvessa (D:4)
  A black bear (D:6)
  A phantom (D:6)
  An ogre (D:6)
  2 scorpions
  Dowan (D:4)
  4 jellies
  A gnoll bouda (D:4)
  A hound (D:4)
  3 orc priests
  Terence (D:3)
  3 sleepcaps (D:6)
  2 iguanas
  2 orc wizards
  Natasha (thrice) (D:4)
  Robin (D:2)
  7 gnolls
  7 adders
  A shadow imp (D:5)
  A white imp (D:6)
  3 worms (D:4)
  2 dart slugs
  13 orcs
  13 bats
  9 endoplasms
  5 giant cockroaches
  13 goblins
  9 hobgoblins
  7 jackals
  6 ball pythons
  4 frilled lizards
  7 kobolds
  5 rats
144 creatures vanquished.

Vanquished Creatures (others)
  A butterfly (D:3)
1 creature vanquished.

Grand Total: 145 creatures vanquished

Notes
Turn   | Place    | Note
-------+----------+-------------------------------------------
     0 | D:1      | qw the Gargoyle Hunter began the quest for the Orb.
     0 | D:1      | Reached XP level 1. HP: 12/12 MP: 1/1
     0 | D:1      | 0 ||| qw: Version: 0.3-a-75-g829b12e
     0 | D:1      | 0 ||| qw: Game counter: 171
     0 | D:1      | 0 ||| qw: Melee chars always use a shield: true
     0 | D:1      | 0 ||| qw: God list: Okawaru
     0 | D:1      | 0 ||| qw: Allow faded altars: false
     0 | D:1      | 0 ||| qw: Do Orc after clearing Dungeon:15 true
     0 | D:1      | 0 ||| qw: Do second Lair branch before Depths: true
     0 | D:1      | 0 ||| qw: Lair rune preference: random
     0 | D:1      | 0 ||| qw: Goals: Normal
     0 | D:1      | 0 ||| PLANNING D:1-11
    70 | D:1      | Reached XP level 2. HP: 17/17 MP: 2/2
   229 | D:1      | Reached XP level 3. HP: 21/21 MP: 3/3
   508 | D:1      | Reached skill level 3 in Fighting
   751 | D:1      | 751 ||| UPGRADING to amulet of regeneration.
   756 | D:1      | 756 ||| DROPPING amulet of magic regeneration.
   757 | D:1      | 757 ||| READING scroll labelled QESEHO ILUCOXO.
   758 | D:1      | 758 ||| READING scroll labelled ICI SIBRUYC.
   762 | D:1      | 762 ||| DROPPING scroll of butterflies.
   832 | D:2      | Reached XP level 4. HP: 26/28 MP: 4/4
   834 | D:2      | Found a faded altar of an unknown god.
   883 | D:2      | Found a runed translucent door.
   884 | D:2      | Noticed Crazy Yiuf
   990 | D:2      | Noticed Robin
  1010 | D:2      | 1010 ||| FLEEEEING.
  1024 | D:2      | Killed Robin
  1617 | D:2      | 1617 ||| UPGRADING to +0 ring mail.
  1627 | D:2      | 1627 ||| DROPPING +0 leather armour.
  1628 | D:2      | 1628 ||| UPGRADING to +0 helmet.
  1633 | D:2      | 1633 ||| UPGRADING to +0 pair of gloves.
  1638 | D:2      | 1638 ||| UPGRADING to +0 cloak.
  1643 | D:2      | 1643 ||| READING scroll of enchant armour.
  1643 | D:2      | 1643 ||| ENCHANTING +0 pair of gloves.
  1644 | D:2      | 1644 ||| READING scroll labelled NIPRUBA BUFRATI.
  1645 | D:2      | 1645 ||| READING scroll labelled ITYSMUMMYGH.
  1646 | D:2      | 1646 ||| DRINKING 2 green potions.
  1719 | D:3      | Reached XP level 5. HP: 32/32 MP: 5/5
  1736 | D:3      | Reached skill level 1 in Armour
  1787 | D:3      | Found a sacrificial altar of Ru.
  1859 | D:3      | 1859 ||| Stepping ~*~*~tactically~*~*~ (outnumbered).
  1861 | D:3      | 1861 ||| Stepping ~*~*~tactically~*~*~ (outnumbered).
  1868 | D:3      | Reached skill level 6 in Ranged Weapons
  1946 | D:3      | Noticed Terence
  1953 | D:3      | Killed Terence
  1981 | D:3      | Found a white marble altar of Elyvilon.
  2012 | D:3      | 2012 ||| READING scroll of enchant armour.
  2012 | D:3      | 2012 ||| ENCHANTING +1 pair of gloves.
  2138 | D:3      | Noticed Grinder
  2149 | D:3      | Paralysed by Grinder for 2 turns
  2160 | D:3      | Paralysed by Grinder for 2 turns
  2171 | D:3      | Killed Grinder
  2172 | D:3      | Reached skill level 5 in Fighting
  2172 | D:3      | Reached XP level 6. HP: 36/40 MP: 6/6
  2294 | D:3      | Found a runed translucent door.
  2295 | D:3      | Noticed qw's ghost (amateur GrHs)
  2297 | D:3      | 2297 ||| UPGRADING to +0 pair of boots.
  2381 | D:4      | Found a runed translucent door.
  2383 | D:4      | Noticed qw's ghost (amateur MiHs)
  2421 | D:4      | Noticed Natasha
  2425 | D:4      | 2425 ||| Stepping ~*~*~tactically~*~*~ (retreating).
  2428 | D:4      | 2428 ||| Stepping ~*~*~tactically~*~*~ (retreating).
  2429 | D:4      | 2429 ||| Stepping ~*~*~tactically~*~*~ (retreating).
  2437 | D:4      | Killed Natasha
  2438 | D:4      | Reached XP level 7. HP: 41/44 MP: 7/7
  2505 | D:4      | 2505 ||| Stepping ~*~*~tactically~*~*~ (outnumbered).
  2508 | D:4      | 2508 ||| Stepping ~*~*~tactically~*~*~ (outnumbered).
  2657 | D:4      | 2657 ||| RETREATING.
  2659 | D:4      | 2659 ||| Stepping ~*~*~tactically~*~*~ (retreating).
  2761 | D:4      | Noticed Natasha
  2772 | D:4      | Killed Natasha
  3021 | D:4      | Found a snail-covered altar of Cheibriados.
  3098 | D:4      | Noticed Duvessa
  3098 | D:4      | Noticed Dowan
  3117 | D:4      | HP: 10/44 [Duvessa/+1 short sword of speed (7)]
  3118 | D:4      | 3118 ||| READING 2 scrolls of teleportation.
  3121 | D:4      | Killed Duvessa
  3172 | D:4      | Noticed Natasha
  3178 | D:4      | Killed Natasha
  3317 | D:4      | Killed Dowan
  3436 | D:4      | 3436 ||| UPGRADING to scarf of resistance.
  3446 | D:4      | 3446 ||| DROPPING amulet of the acrobat.
  3447 | D:4      | 3447 ||| READING scroll labelled LYWAOW FEUTOCK.
  3548 | D:4      | 3548 ||| READING scroll labelled IPRAIKL SUATT.
  3549 | D:4      | 3549 ||| DRINKING 2 murky red potions.
  3550 | D:4      | 3550 ||| READING 2 scrolls of identify.
  3550 | D:4      | 3550 ||| IDENTIFYING golden potion
  3551 | D:4      | 3551 ||| DROPPING potion of attraction.
  3587 | D:5      | Entered Level 5 of the Dungeon
  3653 | D:5      | Reached XP level 8. HP: 49/49 MP: 8/8
  3842 | D:5      | Found an opulent altar of Gozag.
  3851 | D:5      | Found an ornate altar of the Wu Jian Council.
  3851 | D:5      | Found a burning altar of Makhleb.
  3886 | D:5      | You fall into a shaft and drop 2 floors!
  3887 | D:7      | 3887 ||| DROPPING +6 ring of intelligence.
  3888 | D:7      | 3888 ||| DROPPING ring of magical power.
  3889 | D:7      | 3889 ||| READING scroll labelled IMA ZETIMENEL.
  3896 | D:6      | 3896 ||| RETREATING.
  3929 | D:6      | 3929 ||| Stepping ~*~*~tactically~*~*~ (retreating).
  3931 | D:6      | 3931 ||| Stepping ~*~*~tactically~*~*~ (retreating).
  3941 | D:6      | Reached skill level 9 in Ranged Weapons
  3944 | D:6      | Reached skill level 3 in Armour
  3955 | D:6      | 3955 ||| Stepping ~*~*~tactically~*~*~ (retreating).
  3974 | D:6      | Reached skill level 6 in Fighting
  4073 | D:6      | HP: 13/52 [acid dragon/splash of acid (7)]
  4074 | D:6      | 4074 ||| READING 2 scrolls of teleportation.
  4124 | D:6      | Found a shimmering altar of Xom.
  4142 | D:6      | 4142 ||| READING scroll labelled MOALE EPIWUNLU.
  4143 | D:6      | 4143 ||| READING scroll labelled NYREM OWIMM.
  4145 | D:6      | 4145 ||| FLEEEEING.
  4147 | D:6      | Reached XP level 9. HP: 35/56 MP: 9/9
  4154 | D:6      | 4154 ||| FLEEEEING.
  4155 | D:6      | 4155 ||| FLEEEEING.
  4168 | D:6      | HP: 9/56 [acid dragon (7)]
  4169 | D:6      | 4169 ||| READING scroll of teleportation.
  4169 | D:6      | HP: 4/56 [orc warrior/+0 battleaxe (6)]
  4179 | D:6      | HP: 9/56 [sleepcap (6)]
  4223 | D:6      | 4223 ||| DRINKING 2 sapphire potions.
  4224 | D:6      | 4224 ||| READING 2 scrolls of identify.
  4224 | D:6      | 4224 ||| IDENTIFYING sedimented pink potion
  4225 | D:6      | 4225 ||| DRINKING potion of experience.
  4225 | D:6      | Reached skill level 14 in Fighting
  4225 | D:6      | Reached XP level 10. HP: 75/75 MP: 10/10
  4226 | D:6      | 4226 ||| DROPPING potion of brilliance.
  4249 | D:5      | Found an iron altar of Okawaru.
  4249 | D:5      | Found a bloodstained altar of Trog.
  4250 | D:5      | 4250 ||| PLANNING OKAWARU WORSHIP
  4258 | D:5      | Became a worshipper of Warmaster Okawaru
  4259 | D:5      | 4259 ||| PLANNING D:1-11
  4259 | D:5      | 4259 ||| Stepping randomly (stuck).
  4260 | D:5      | 4260 ||| Stepping randomly (stuck).
  4261 | D:5      | 4261 ||| Stepping randomly (stuck).
  4262 | D:5      | 4262 ||| Stepping randomly (stuck).
  4263 | D:5      | 4263 ||| Stepping randomly (stuck).
  4264 | D:5      | 4264 ||| Stepping randomly (stuck).
  4265 | D:5      | 4265 ||| Stepping randomly (stuck).
  4266 | D:5      | 4266 ||| Stepping randomly (stuck).
  4267 | D:5      | 4267 ||| Stepping randomly (stuck).
  4268 | D:5      | 4268 ||| Stepping randomly (stuck).
  4269 | D:5      | 4269 ||| Stepping randomly (stuck).
  4270 | D:5      | 4270 ||| Stepping randomly (stuck).
  4271 | D:5      | 4271 ||| Stepping randomly (stuck).
  4272 | D:5      | 4272 ||| Stepping randomly (stuck).
  4273 | D:5      | 4273 ||| Stepping randomly (stuck).
  4274 | D:5      | 4274 ||| Stepping randomly (stuck).
  4275 | D:5      | 4275 ||| Stepping randomly (stuck).
  4276 | D:5      | 4276 ||| Stepping randomly (stuck).
  4277 | D:5      | 4277 ||| Stepping randomly (stuck).
  4278 | D:5      | 4278 ||| Stepping randomly (stuck).
  4279 | D:5      | 4279 ||| Stepping randomly (stuck).
  4280 | D:5      | 4280 ||| Stepping randomly (stuck).
  4281 | D:5      | 4281 ||| Stepping randomly (stuck).
  4282 | D:5      | 4282 ||| Stepping randomly (stuck).
  4283 | D:5      | 4283 ||| Stepping randomly (stuck).
  4284 | D:5      | 4284 ||| Stepping randomly (stuck).
  4285 | D:5      | 4285 ||| Stepping randomly (stuck).
  4286 | D:5      | 4286 ||| Stepping randomly (stuck).
  4287 | D:5      | 4287 ||| Stepping randomly (stuck).
  4288 | D:5      | 4288 ||| Stepping randomly (stuck).
  4289 | D:5      | 4289 ||| Stepping randomly (stuck).
  4290 | D:5      | 4290 ||| Stepping randomly (stuck).
  4291 | D:5      | 4291 ||| Stepping randomly (stuck).
  4292 | D:5      | 4292 ||| Stepping randomly (stuck).
  4293 | D:5      | 4293 ||| Stepping randomly (stuck).
  4294 | D:5      | 4294 ||| Stepping randomly (stuck).
  4295 | D:5      | 4295 ||| Stepping randomly (stuck).
  4296 | D:5      | 4296 ||| Stepping randomly (stuck).
  4297 | D:5      | 4297 ||| Stepping randomly (stuck).
  4298 | D:5      | 4298 ||| Stepping randomly (stuck).
  4299 | D:5      | 4299 ||| Stepping randomly (stuck).
  4300 | D:5      | 4300 ||| Stepping randomly (stuck).
  4301 | D:5      | 4301 ||| Stepping randomly (stuck).
  4302 | D:5      | 4302 ||| Stepping randomly (stuck).
  4303 | D:5      | 4303 ||| Stepping randomly (stuck).
  4304 | D:5      | 4304 ||| Stepping randomly (stuck).
  4305 | D:5      | 4305 ||| Stepping randomly (stuck).
  4306 | D:5      | 4306 ||| Stepping randomly (stuck).
  4307 | D:5      | 4307 ||| Stepping randomly (stuck).
  4308 | D:5      | 4308 ||| Stepping randomly (stuck).
  4309 | D:5      | 4309 ||| Stepping randomly (stuck).
  4310 | D:5      | 4310 ||| Stepping randomly (stuck).
  4311 | D:5      | 4311 ||| Stepping randomly (stuck).
  4312 | D:5      | 4312 ||| Stepping randomly (stuck).
  4313 | D:5      | 4313 ||| Stepping randomly (stuck).
  4314 | D:5      | 4314 ||| Stepping randomly (stuck).
  4315 | D:5      | 4315 ||| Stepping randomly (stuck).
  4316 | D:5      | 4316 ||| Stepping randomly (stuck).
  4317 | D:5      | 4317 ||| Stepping randomly (stuck).
  4318 | D:5      | 4318 ||| Stepping randomly (stuck).
  4319 | D:5      | 4319 ||| Stepping randomly (stuck).
  4320 | D:5      | 4320 ||| Stepping randomly (stuck).
  4321 | D:5      | 4321 ||| Stepping randomly (stuck).
  4322 | D:5      | 4322 ||| Stepping randomly (stuck).
  4323 | D:5      | 4323 ||| Stepping randomly (stuck).
  4324 | D:5      | 4324 ||| Stepping randomly (stuck).
  4325 | D:5      | 4325 ||| Stepping randomly (stuck).
  4326 | D:5      | 4326 ||| Stepping randomly (stuck).
  4327 | D:5      | 4327 ||| Stepping randomly (stuck).
  4328 | D:5      | 4328 ||| Stepping randomly (stuck).
  4329 | D:5      | 4329 ||| Stepping randomly (stuck).
  4330 | D:5      | 4330 ||| Stepping randomly (stuck).
  4331 | D:5      | 4331 ||| Stepping randomly (stuck).
  4332 | D:5      | 4332 ||| Stepping randomly (stuck).
  4333 | D:5      | 4333 ||| Stepping randomly (stuck).
  4334 | D:5      | 4334 ||| Stepping randomly (stuck).
  4335 | D:5      | 4335 ||| Stepping randomly (stuck).
  4336 | D:5      | 4336 ||| Stepping randomly (stuck).
  4337 | D:5      | 4337 ||| Stepping randomly (stuck).
  4338 | D:5      | 4338 ||| Stepping randomly (stuck).
  4339 | D:5      | 4339 ||| Stepping randomly (stuck).
  4340 | D:5      | 4340 ||| Stepping randomly (stuck).
  4341 | D:5      | 4341 ||| Stepping randomly (stuck).
  4342 | D:5      | 4342 ||| Stepping randomly (stuck).
  4343 | D:5      | 4343 ||| Stepping randomly (stuck).
  4344 | D:5      | 4344 ||| Stepping randomly (stuck).
  4345 | D:5      | 4345 ||| Stepping randomly (stuck).
  4346 | D:5      | 4346 ||| Stepping randomly (stuck).
  4347 | D:5      | 4347 ||| Stepping randomly (stuck).
  4348 | D:5      | 4348 ||| Stepping randomly (stuck).
  4349 | D:5      | 4349 ||| Stepping randomly (stuck).
  4350 | D:5      | 4350 ||| Stepping randomly (stuck).
  4351 | D:5      | 4351 ||| Stepping randomly (stuck).
  4352 | D:5      | 4352 ||| Stepping randomly (stuck).
  4353 | D:5      | 4353 ||| Stepping randomly (stuck).
  4354 | D:5      | 4354 ||| Stepping randomly (stuck).
  4355 | D:5      | 4355 ||| Stepping randomly (stuck).
  4356 | D:5      | 4356 ||| Stepping randomly (stuck).
  4357 | D:5      | 4357 ||| Stepping randomly (stuck).
  4358 | D:5      | 4358 ||| Stepping randomly (stuck).
  4359 | D:5      | 4359 ||| Stepping randomly (stuck).
  4360 | D:5      | 4360 ||| Stepping randomly (stuck).
  4361 | D:5      | 4361 ||| Stepping randomly (stuck).
  4362 | D:5      | 4362 ||| Stepping randomly (stuck).
  4363 | D:5      | 4363 ||| Stepping randomly (stuck).
  4364 | D:5      | 4364 ||| Stepping randomly (stuck).
  4365 | D:5      | 4365 ||| Stepping randomly (stuck).
  4366 | D:5      | 4366 ||| Stepping randomly (stuck).
  4367 | D:5      | 4367 ||| Stepping randomly (stuck).
  4368 | D:5      | 4368 ||| Stepping randomly (stuck).
  4369 | D:5      | 4369 ||| Stepping randomly (stuck).
  4370 | D:5      | 4370 ||| Stepping randomly (stuck).
  4371 | D:5      | 4371 ||| Stepping randomly (stuck).
  4372 | D:5      | 4372 ||| Stepping randomly (stuck).
  4373 | D:5      | 4373 ||| Stepping randomly (stuck).
  4374 | D:5      | 4374 ||| Stepping randomly (stuck).
  4375 | D:5      | 4375 ||| Stepping randomly (stuck).
  4376 | D:5      | 4376 ||| Stepping randomly (stuck).
  4377 | D:5      | 4377 ||| Stepping randomly (stuck).
  4378 | D:5      | 4378 ||| Stepping randomly (stuck).
  4379 | D:5      | 4379 ||| Stepping randomly (stuck).
  4380 | D:5      | 4380 ||| Stepping randomly (stuck).
  4381 | D:5      | 4381 ||| Stepping randomly (stuck).
  4382 | D:5      | 4382 ||| Stepping randomly (stuck).
  4383 | D:5      | 4383 ||| Stepping randomly (stuck).
  4384 | D:5      | 4384 ||| Stepping randomly (stuck).
  4385 | D:5      | 4385 ||| Stepping randomly (stuck).
  4386 | D:5      | 4386 ||| Stepping randomly (stuck).
  4387 | D:5      | 4387 ||| Stepping randomly (stuck).
  4388 | D:5      | 4388 ||| Stepping randomly (stuck).
  4389 | D:5      | 4389 ||| Stepping randomly (stuck).
  4390 | D:5      | 4390 ||| Stepping randomly (stuck).
  4391 | D:5      | 4391 ||| Stepping randomly (stuck).
  4392 | D:5      | 4392 ||| Stepping randomly (stuck).
  4393 | D:5      | 4393 ||| Stepping randomly (stuck).
  4394 | D:5      | 4394 ||| Stepping randomly (stuck).
  4395 | D:5      | 4395 ||| Stepping randomly (stuck).
  4396 | D:5      | 4396 ||| Stepping randomly (stuck).
  4397 | D:5      | 4397 ||| Stepping randomly (stuck).
  4398 | D:5      | 4398 ||| Stepping randomly (stuck).
  4399 | D:5      | 4399 ||| Stepping randomly (stuck).
  4400 | D:5      | 4400 ||| Stepping randomly (stuck).
  4401 | D:5      | 4401 ||| Stepping randomly (stuck).
  4402 | D:5      | 4402 ||| Stepping randomly (stuck).
  4403 | D:5      | 4403 ||| Stepping randomly (stuck).
  4404 | D:5      | 4404 ||| Stepping randomly (stuck).
  4405 | D:5      | 4405 ||| Stepping randomly (stuck).
  4406 | D:5      | 4406 ||| Stepping randomly (stuck).
  4407 | D:5      | 4407 ||| Stepping randomly (stuck).
  4408 | D:5      | 4408 ||| Stepping randomly (stuck).
  4409 | D:5      | 4409 ||| Stepping randomly (stuck).
  4410 | D:5      | 4410 ||| Stepping randomly (stuck).
  4411 | D:5      | 4411 ||| Stepping randomly (stuck).
  4412 | D:5      | 4412 ||| Stepping randomly (stuck).
  4413 | D:5      | 4413 ||| Stepping randomly (stuck).
  4414 | D:5      | 4414 ||| Stepping randomly (stuck).
  4415 | D:5      | 4415 ||| Stepping randomly (stuck).
  4416 | D:5      | 4416 ||| Stepping randomly (stuck).
  4417 | D:5      | 4417 ||| Stepping randomly (stuck).
  4418 | D:5      | 4418 ||| Stepping randomly (stuck).
  4419 | D:5      | 4419 ||| Stepping randomly (stuck).
  4420 | D:5      | 4420 ||| Stepping randomly (stuck).
  4421 | D:5      | 4421 ||| Stepping randomly (stuck).
  4422 | D:5      | 4422 ||| Stepping randomly (stuck).
  4423 | D:5      | 4423 ||| Stepping randomly (stuck).
  4424 | D:5      | 4424 ||| Stepping randomly (stuck).
  4425 | D:5      | 4425 ||| Stepping randomly (stuck).
  4426 | D:5      | 4426 ||| Stepping randomly (stuck).
  4427 | D:5      | 4427 ||| Stepping randomly (stuck).
  4428 | D:5      | 4428 ||| Stepping randomly (stuck).
  4429 | D:5      | 4429 ||| Stepping randomly (stuck).
  4430 | D:5      | 4430 ||| Stepping randomly (stuck).
  4431 | D:5      | 4431 ||| Stepping randomly (stuck).
  4432 | D:5      | 4432 ||| Stepping randomly (stuck).
  4433 | D:5      | 4433 ||| Stepping randomly (stuck).
  4434 | D:5      | 4434 ||| Stepping randomly (stuck).
  4435 | D:5      | 4435 ||| Stepping randomly (stuck).
  4436 | D:5      | 4436 ||| Stepping randomly (stuck).
  4437 | D:5      | 4437 ||| Stepping randomly (stuck).
  4438 | D:5      | 4438 ||| Stepping randomly (stuck).
  4439 | D:5      | 4439 ||| Stepping randomly (stuck).
  4440 | D:5      | 4440 ||| Stepping randomly (stuck).
  4441 | D:5      | 4441 ||| Stepping randomly (stuck).
  4442 | D:5      | 4442 ||| Stepping randomly (stuck).
  4443 | D:5      | 4443 ||| Stepping randomly (stuck).
  4444 | D:5      | 4444 ||| Stepping randomly (stuck).
  4445 | D:5      | 4445 ||| Stepping randomly (stuck).
  4446 | D:5      | 4446 ||| Stepping randomly (stuck).
  4447 | D:5      | 4447 ||| Stepping randomly (stuck).
  4448 | D:5      | 4448 ||| Stepping randomly (stuck).
  4449 | D:5      | 4449 ||| Stepping randomly (stuck).
  4450 | D:5      | 4450 ||| Stepping randomly (stuck).
  4451 | D:5      | 4451 ||| Stepping randomly (stuck).
  4452 | D:5      | 4452 ||| Stepping randomly (stuck).
  4453 | D:5      | 4453 ||| Stepping randomly (stuck).
  4454 | D:5      | 4454 ||| Stepping randomly (stuck).
  4455 | D:5      | 4455 ||| Stepping randomly (stuck).
  4456 | D:5      | 4456 ||| Stepping randomly (stuck).
  4457 | D:5      | 4457 ||| Stepping randomly (stuck).
  4458 | D:5      | 4458 ||| Stepping randomly (stuck).
  4459 | D:5      | 4459 ||| Stepping randomly (stuck).
  4460 | D:5      | 4460 ||| Stepping randomly (stuck).
  4461 | D:5      | 4461 ||| Stepping randomly (stuck).
  4462 | D:5      | 4462 ||| Stepping randomly (stuck).
  4463 | D:5      | 4463 ||| Stepping randomly (stuck).
  4464 | D:5      | 4464 ||| Stepping randomly (stuck).
  4465 | D:5      | 4465 ||| Stepping randomly (stuck).
  4466 | D:5      | 4466 ||| Stepping randomly (stuck).
  4467 | D:5      | 4467 ||| Stepping randomly (stuck).
  4468 | D:5      | 4468 ||| Stepping randomly (stuck).
  4469 | D:5      | 4469 ||| Stepping randomly (stuck).
  4470 | D:5      | 4470 ||| Stepping randomly (stuck).
  4471 | D:5      | 4471 ||| Stepping randomly (stuck).
  4472 | D:5      | 4472 ||| Stepping randomly (stuck).
  4473 | D:5      | 4473 ||| Stepping randomly (stuck).
  4474 | D:5      | 4474 ||| Stepping randomly (stuck).
  4475 | D:5      | 4475 ||| Stepping randomly (stuck).
  4476 | D:5      | 4476 ||| Stepping randomly (stuck).
  4477 | D:5      | 4477 ||| Stepping randomly (stuck).
  4478 | D:5      | 4478 ||| Stepping randomly (stuck).
  4479 | D:5      | 4479 ||| Stepping randomly (stuck).
  4480 | D:5      | 4480 ||| Stepping randomly (stuck).
  4481 | D:5      | 4481 ||| Stepping randomly (stuck).
  4482 | D:5      | 4482 ||| Stepping randomly (stuck).
  4483 | D:5      | 4483 ||| Stepping randomly (stuck).
  4484 | D:5      | 4484 ||| Stepping randomly (stuck).
  4485 | D:5      | 4485 ||| Stepping randomly (stuck).
  4486 | D:5      | 4486 ||| Stepping randomly (stuck).
  4487 | D:5      | 4487 ||| Stepping randomly (stuck).
  4488 | D:5      | 4488 ||| Stepping randomly (stuck).
  4489 | D:5      | 4489 ||| Stepping randomly (stuck).
  4490 | D:5      | 4490 ||| Stepping randomly (stuck).
  4491 | D:5      | 4491 ||| Stepping randomly (stuck).
  4492 | D:5      | 4492 ||| Stepping randomly (stuck).
  4493 | D:5      | 4493 ||| Stepping randomly (stuck).
  4494 | D:5      | 4494 ||| Stepping randomly (stuck).
  4495 | D:5      | 4495 ||| Stepping randomly (stuck).
  4496 | D:5      | 4496 ||| Stepping randomly (stuck).
  4497 | D:5      | 4497 ||| Stepping randomly (stuck).
  4498 | D:5      | 4498 ||| Stepping randomly (stuck).
  4499 | D:5      | 4499 ||| Stepping randomly (stuck).
  4500 | D:5      | 4500 ||| Stepping randomly (stuck).
  4501 | D:5      | 4501 ||| Stepping randomly (stuck).
  4502 | D:5      | 4502 ||| Stepping randomly (stuck).
  4503 | D:5      | 4503 ||| Stepping randomly (stuck).
  4504 | D:5      | 4504 ||| Stepping randomly (stuck).
  4505 | D:5      | 4505 ||| Stepping randomly (stuck).
  4506 | D:5      | 4506 ||| Stepping randomly (stuck).
  4507 | D:5      | 4507 ||| Stepping randomly (stuck).
  4508 | D:5      | 4508 ||| Stepping randomly (stuck).
  4509 | D:5      | 4509 ||| Stepping randomly (stuck).
  4510 | D:5      | 4510 ||| Stepping randomly (stuck).
  4511 | D:5      | 4511 ||| Stepping randomly (stuck).
  4512 | D:5      | 4512 ||| Stepping randomly (stuck).
  4513 | D:5      | 4513 ||| Stepping randomly (stuck).
  4514 | D:5      | 4514 ||| Stepping randomly (stuck).
  4515 | D:5      | 4515 ||| Stepping randomly (stuck).
  4516 | D:5      | 4516 ||| Stepping randomly (stuck).
  4517 | D:5      | 4517 ||| Stepping randomly (stuck).
  4518 | D:5      | 4518 ||| Stepping randomly (stuck).
  4519 | D:5      | 4519 ||| Stepping randomly (stuck).
  4520 | D:5      | 4520 ||| Stepping randomly (stuck).
  4521 | D:5      | 4521 ||| Stepping randomly (stuck).
  4522 | D:5      | 4522 ||| Stepping randomly (stuck).
  4523 | D:5      | 4523 ||| Stepping randomly (stuck).
  4524 | D:5      | 4524 ||| Stepping randomly (stuck).
  4525 | D:5      | 4525 ||| Stepping randomly (stuck).
  4526 | D:5      | 4526 ||| Stepping randomly (stuck).
  4527 | D:5      | 4527 ||| Stepping randomly (stuck).
  4528 | D:5      | 4528 ||| Stepping randomly (stuck).
  4529 | D:5      | 4529 ||| Stepping randomly (stuck).
  4530 | D:5      | 4530 ||| Stepping randomly (stuck).
  4531 | D:5      | 4531 ||| Stepping randomly (stuck).
  4532 | D:5      | 4532 ||| Stepping randomly (stuck).
  4533 | D:5      | 4533 ||| Stepping randomly (stuck).
  4534 | D:5      | 4534 ||| Stepping randomly (stuck).
  4535 | D:5      | 4535 ||| Stepping randomly (stuck).
  4536 | D:5      | 4536 ||| Stepping randomly (stuck).
  4537 | D:5      | 4537 ||| Stepping randomly (stuck).
  4538 | D:5      | 4538 ||| Stepping randomly (stuck).
  4539 | D:5      | 4539 ||| Stepping randomly (stuck).
  4540 | D:5      | 4540 ||| Stepping randomly (stuck).
  4541 | D:5      | 4541 ||| Stepping randomly (stuck).
  4542 | D:5      | 4542 ||| Stepping randomly (stuck).
  4543 | D:5      | 4543 ||| Stepping randomly (stuck).
  4544 | D:5      | 4544 ||| Stepping randomly (stuck).
  4545 | D:5      | 4545 ||| Stepping randomly (stuck).
  4546 | D:5      | 4546 ||| Stepping randomly (stuck).
  4547 | D:5      | 4547 ||| Stepping randomly (stuck).
  4548 | D:5      | 4548 ||| Stepping randomly (stuck).
  4549 | D:5      | 4549 ||| Stepping randomly (stuck).
  4550 | D:5      | 4550 ||| Stepping randomly (stuck).
  4551 | D:5      | 4551 ||| Stepping randomly (stuck).
  4552 | D:5      | 4552 ||| Stepping randomly (stuck).
  4553 | D:5      | 4553 ||| Stepping randomly (stuck).
  4554 | D:5      | 4554 ||| Stepping randomly (stuck).
  4555 | D:5      | 4555 ||| Stepping randomly (stuck).
  4556 | D:5      | 4556 ||| Stepping randomly (stuck).
  4557 | D:5      | 4557 ||| Stepping randomly (stuck).
  4558 | D:5      | 4558 ||| Stepping randomly (stuck).
  4559 | D:5      | 4559 ||| Stepping randomly (stuck).
  4560 | D:5      | 4560 ||| Stepping randomly (stuck).
  4561 | D:5      | 4561 ||| Stepping randomly (stuck).
  4562 | D:5      | 4562 ||| Stepping randomly (stuck).
  4563 | D:5      | 4563 ||| Stepping randomly (stuck).
  4564 | D:5      | 4564 ||| Stepping randomly (stuck).
  4565 | D:5      | 4565 ||| Stepping randomly (stuck).
  4566 | D:5      | 4566 ||| Stepping randomly (stuck).
  4567 | D:5      | 4567 ||| Stepping randomly (stuck).
  4568 | D:5      | 4568 ||| Stepping randomly (stuck).
  4569 | D:5      | 4569 ||| Stepping randomly (stuck).
  4570 | D:5      | 4570 ||| Stepping randomly (stuck).
  4571 | D:5      | 4571 ||| Stepping randomly (stuck).
  4572 | D:5      | 4572 ||| Stepping randomly (stuck).
  4573 | D:5      | 4573 ||| Stepping randomly (stuck).
  4574 | D:5      | 4574 ||| Stepping randomly (stuck).
  4575 | D:5      | 4575 ||| Stepping randomly (stuck).
  4576 | D:5      | 4576 ||| Stepping randomly (stuck).
  4577 | D:5      | 4577 ||| Stepping randomly (stuck).
  4578 | D:5      | 4578 ||| Stepping randomly (stuck).
  4579 | D:5      | 4579 ||| Stepping randomly (stuck).
  4580 | D:5      | 4580 ||| Stepping randomly (stuck).
  4581 | D:5      | 4581 ||| Stepping randomly (stuck).
  4582 | D:5      | 4582 ||| Stepping randomly (stuck).
  4583 | D:5      | 4583 ||| Stepping randomly (stuck).
  4584 | D:5      | 4584 ||| Stepping randomly (stuck).
  4585 | D:5      | 4585 ||| Stepping randomly (stuck).
  4586 | D:5      | 4586 ||| Stepping randomly (stuck).
  4587 | D:5      | 4587 ||| Stepping randomly (stuck).
  4588 | D:5      | 4588 ||| Stepping randomly (stuck).
  4589 | D:5      | 4589 ||| Stepping randomly (stuck).
  4590 | D:5      | 4590 ||| Stepping randomly (stuck).
  4591 | D:5      | 4591 ||| Stepping randomly (stuck).
  4592 | D:5      | 4592 ||| Stepping randomly (stuck).
  4593 | D:5      | 4593 ||| Stepping randomly (stuck).
  4594 | D:5      | 4594 ||| Stepping randomly (stuck).
  4595 | D:5      | 4595 ||| Stepping randomly (stuck).
  4596 | D:5      | 4596 ||| Stepping randomly (stuck).
  4597 | D:5      | 4597 ||| Stepping randomly (stuck).
  4598 | D:5      | 4598 ||| Stepping randomly (stuck).
  4599 | D:5      | 4599 ||| Stepping randomly (stuck).
  4600 | D:5      | 4600 ||| Stepping randomly (stuck).
  4601 | D:5      | 4601 ||| Stepping randomly (stuck).
  4602 | D:5      | 4602 ||| Stepping randomly (stuck).
  4603 | D:5      | 4603 ||| Stepping randomly (stuck).
  4604 | D:5      | 4604 ||| Stepping randomly (stuck).
  4605 | D:5      | 4605 ||| Stepping randomly (stuck).
  4606 | D:5      | 4606 ||| Stepping randomly (stuck).
  4607 | D:5      | 4607 ||| Stepping randomly (stuck).
  4608 | D:5      | 4608 ||| Stepping randomly (stuck).
  4609 | D:5      | 4609 ||| Stepping randomly (stuck).
  4610 | D:5      | 4610 ||| Stepping randomly (stuck).
  4611 | D:5      | 4611 ||| Stepping randomly (stuck).
  4612 | D:5      | 4612 ||| Stepping randomly (stuck).
  4613 | D:5      | 4613 ||| Stepping randomly (stuck).
  4614 | D:5      | 4614 ||| Stepping randomly (stuck).
  4615 | D:5      | 4615 ||| Stepping randomly (stuck).
  4616 | D:5      | 4616 ||| Stepping randomly (stuck).
  4617 | D:5      | 4617 ||| Stepping randomly (stuck).
  4618 | D:5      | 4618 ||| Stepping randomly (stuck).
  4619 | D:5      | 4619 ||| Stepping randomly (stuck).
  4620 | D:5      | 4620 ||| Stepping randomly (stuck).
  4621 | D:5      | 4621 ||| Stepping randomly (stuck).
  4622 | D:5      | 4622 ||| Stepping randomly (stuck).
  4623 | D:5      | 4623 ||| Stepping randomly (stuck).
  4624 | D:5      | 4624 ||| Stepping randomly (stuck).
  4625 | D:5      | 4625 ||| Stepping randomly (stuck).
  4626 | D:5      | 4626 ||| Stepping randomly (stuck).
  4627 | D:5      | 4627 ||| Stepping randomly (stuck).
  4628 | D:5      | 4628 ||| Stepping randomly (stuck).
  4629 | D:5      | 4629 ||| Stepping randomly (stuck).
  4630 | D:5      | 4630 ||| Stepping randomly (stuck).
  4631 | D:5      | 4631 ||| Stepping randomly (stuck).
  4632 | D:5      | 4632 ||| Stepping randomly (stuck).
  4633 | D:5      | 4633 ||| Stepping randomly (stuck).
  4634 | D:5      | 4634 ||| Stepping randomly (stuck).
  4635 | D:5      | 4635 ||| Stepping randomly (stuck).
  4636 | D:5      | 4636 ||| Stepping randomly (stuck).
  4637 | D:5      | 4637 ||| Stepping randomly (stuck).
  4638 | D:5      | 4638 ||| Stepping randomly (stuck).
  4639 | D:5      | 4639 ||| Stepping randomly (stuck).
  4640 | D:5      | 4640 ||| Stepping randomly (stuck).
  4641 | D:5      | 4641 ||| Stepping randomly (stuck).
  4642 | D:5      | 4642 ||| Stepping randomly (stuck).
  4643 | D:5      | 4643 ||| Stepping randomly (stuck).
  4644 | D:5      | 4644 ||| Stepping randomly (stuck).
  4645 | D:5      | 4645 ||| Stepping randomly (stuck).
  4646 | D:5      | 4646 ||| Stepping randomly (stuck).
  4647 | D:5      | 4647 ||| Stepping randomly (stuck).
  4648 | D:5      | 4648 ||| Stepping randomly (stuck).
  4649 | D:5      | 4649 ||| Stepping randomly (stuck).
  4650 | D:5      | 4650 ||| Stepping randomly (stuck).
  4651 | D:5      | 4651 ||| Stepping randomly (stuck).
  4652 | D:5      | 4652 ||| Stepping randomly (stuck).
  4653 | D:5      | 4653 ||| Stepping randomly (stuck).
  4654 | D:5      | 4654 ||| Stepping randomly (stuck).
  4655 | D:5      | 4655 ||| Stepping randomly (stuck).
  4656 | D:5      | 4656 ||| Stepping randomly (stuck).
  4657 | D:5      | 4657 ||| Stepping randomly (stuck).
  4658 | D:5      | 4658 ||| Stepping randomly (stuck).
  4659 | D:5      | 4659 ||| Stepping randomly (stuck).
  4660 | D:5      | 4660 ||| Stepping randomly (stuck).
  4661 | D:5      | 4661 ||| Stepping randomly (stuck).
  4662 | D:5      | 4662 ||| Stepping randomly (stuck).
  4663 | D:5      | 4663 ||| Stepping randomly (stuck).
  4664 | D:5      | 4664 ||| Stepping randomly (stuck).
  4665 | D:5      | 4665 ||| Stepping randomly (stuck).
  4666 | D:5      | 4666 ||| Stepping randomly (stuck).
  4667 | D:5      | 4667 ||| Stepping randomly (stuck).
  4668 | D:5      | 4668 ||| Stepping randomly (stuck).
  4669 | D:5      | 4669 ||| Stepping randomly (stuck).
  4670 | D:5      | 4670 ||| Stepping randomly (stuck).
  4671 | D:5      | 4671 ||| Stepping randomly (stuck).
  4672 | D:5      | 4672 ||| Stepping randomly (stuck).
  4673 | D:5      | 4673 ||| Stepping randomly (stuck).
  4674 | D:5      | 4674 ||| Stepping randomly (stuck).
  4675 | D:5      | 4675 ||| Stepping randomly (stuck).
  4676 | D:5      | 4676 ||| Stepping randomly (stuck).
  4677 | D:5      | 4677 ||| Stepping randomly (stuck).
  4678 | D:5      | 4678 ||| Stepping randomly (stuck).
  4679 | D:5      | 4679 ||| Stepping randomly (stuck).
  4680 | D:5      | 4680 ||| Stepping randomly (stuck).
  4681 | D:5      | 4681 ||| Stepping randomly (stuck).
  4682 | D:5      | 4682 ||| Stepping randomly (stuck).
  4683 | D:5      | 4683 ||| Stepping randomly (stuck).
  4684 | D:5      | 4684 ||| Stepping randomly (stuck).
  4685 | D:5      | 4685 ||| Stepping randomly (stuck).
  4686 | D:5      | 4686 ||| Stepping randomly (stuck).
  4687 | D:5      | 4687 ||| Stepping randomly (stuck).
  4688 | D:5      | 4688 ||| Stepping randomly (stuck).
  4689 | D:5      | 4689 ||| Stepping randomly (stuck).
  4690 | D:5      | 4690 ||| Stepping randomly (stuck).
  4691 | D:5      | 4691 ||| Stepping randomly (stuck).
  4692 | D:5      | 4692 ||| Stepping randomly (stuck).
  4693 | D:5      | 4693 ||| Stepping randomly (stuck).
  4694 | D:5      | 4694 ||| Stepping randomly (stuck).
  4695 | D:5      | 4695 ||| Stepping randomly (stuck).
  4696 | D:5      | 4696 ||| Stepping randomly (stuck).
  4697 | D:5      | 4697 ||| Stepping randomly (stuck).
  4698 | D:5      | 4698 ||| Stepping randomly (stuck).
  4699 | D:5      | 4699 ||| Stepping randomly (stuck).
  4700 | D:5      | 4700 ||| Stepping randomly (stuck).
  4701 | D:5      | 4701 ||| Stepping randomly (stuck).
  4702 | D:5      | 4702 ||| Stepping randomly (stuck).
  4703 | D:5      | 4703 ||| Stepping randomly (stuck).
  4704 | D:5      | 4704 ||| Stepping randomly (stuck).
  4705 | D:5      | 4705 ||| Stepping randomly (stuck).
  4706 | D:5      | 4706 ||| Stepping randomly (stuck).
  4707 | D:5      | 4707 ||| Stepping randomly (stuck).
  4708 | D:5      | 4708 ||| Stepping randomly (stuck).
  4709 | D:5      | 4709 ||| Stepping randomly (stuck).
  4710 | D:5      | 4710 ||| Stepping randomly (stuck).
  4711 | D:5      | 4711 ||| Stepping randomly (stuck).
  4712 | D:5      | 4712 ||| Stepping randomly (stuck).
  4713 | D:5      | 4713 ||| Stepping randomly (stuck).
  4714 | D:5      | 4714 ||| Stepping randomly (stuck).
  4715 | D:5      | 4715 ||| Stepping randomly (stuck).
  4716 | D:5      | 4716 ||| Stepping randomly (stuck).
  4717 | D:5      | 4717 ||| Stepping randomly (stuck).
  4718 | D:5      | 4718 ||| Stepping randomly (stuck).
  4719 | D:5      | 4719 ||| Stepping randomly (stuck).
  4720 | D:5      | 4720 ||| Stepping randomly (stuck).
  4721 | D:5      | 4721 ||| Stepping randomly (stuck).
  4722 | D:5      | 4722 ||| Stepping randomly (stuck).
  4723 | D:5      | 4723 ||| Stepping randomly (stuck).
  4724 | D:5      | 4724 ||| Stepping randomly (stuck).
  4725 | D:5      | 4725 ||| Stepping randomly (stuck).
  4726 | D:5      | 4726 ||| Stepping randomly (stuck).
  4727 | D:5      | 4727 ||| Stepping randomly (stuck).
  4728 | D:5      | 4728 ||| Stepping randomly (stuck).
  4729 | D:5      | 4729 ||| Stepping randomly (stuck).
  4730 | D:5      | 4730 ||| Stepping randomly (stuck).
  4731 | D:5      | 4731 ||| Stepping randomly (stuck).
  4732 | D:5      | 4732 ||| Stepping randomly (stuck).
  4733 | D:5      | 4733 ||| Stepping randomly (stuck).
  4734 | D:5      | 4734 ||| Stepping randomly (stuck).
  4735 | D:5      | 4735 ||| Stepping randomly (stuck).
  4736 | D:5      | 4736 ||| Stepping randomly (stuck).
  4737 | D:5      | 4737 ||| Stepping randomly (stuck).
  4738 | D:5      | 4738 ||| Stepping randomly (stuck).
  4739 | D:5      | 4739 ||| Stepping randomly (stuck).
  4740 | D:5      | 4740 ||| Stepping randomly (stuck).
  4741 | D:5      | 4741 ||| Stepping randomly (stuck).
  4742 | D:5      | 4742 ||| Stepping randomly (stuck).
  4743 | D:5      | 4743 ||| Stepping randomly (stuck).
  4744 | D:5      | 4744 ||| Stepping randomly (stuck).
  4745 | D:5      | 4745 ||| Stepping randomly (stuck).
  4746 | D:5      | 4746 ||| Stepping randomly (stuck).
  4747 | D:5      | 4747 ||| Stepping randomly (stuck).
  4748 | D:5      | 4748 ||| Stepping randomly (stuck).
  4749 | D:5      | 4749 ||| Stepping randomly (stuck).
  4750 | D:5      | 4750 ||| Stepping randomly (stuck).
  4751 | D:5      | 4751 ||| Stepping randomly (stuck).
  4752 | D:5      | 4752 ||| Stepping randomly (stuck).
  4753 | D:5      | 4753 ||| Stepping randomly (stuck).
  4754 | D:5      | 4754 ||| Stepping randomly (stuck).
  4755 | D:5      | 4755 ||| Stepping randomly (stuck).
  4756 | D:5      | 4756 ||| Stepping randomly (stuck).
  4757 | D:5      | 4757 ||| Stepping randomly (stuck).
  4758 | D:5      | 4758 ||| Stepping randomly (stuck).
  4759 | D:5      | 4759 ||| Stepping randomly (stuck).
  4760 | D:5      | 4760 ||| Stepping randomly (stuck).
  4761 | D:5      | 4761 ||| Stepping randomly (stuck).
  4762 | D:5      | 4762 ||| Stepping randomly (stuck).
  4763 | D:5      | 4763 ||| Stepping randomly (stuck).
  4764 | D:5      | 4764 ||| Stepping randomly (stuck).
  4765 | D:5      | 4765 ||| Stepping randomly (stuck).
  4766 | D:5      | 4766 ||| Stepping randomly (stuck).
  4767 | D:5      | 4767 ||| Stepping randomly (stuck).
  4768 | D:5      | 4768 ||| Stepping randomly (stuck).
  4769 | D:5      | 4769 ||| Stepping randomly (stuck).
  4770 | D:5      | 4770 ||| Stepping randomly (stuck).
  4771 | D:5      | 4771 ||| Stepping randomly (stuck).
  4772 | D:5      | 4772 ||| Stepping randomly (stuck).
  4773 | D:5      | 4773 ||| Stepping randomly (stuck).
  4774 | D:5      | 4774 ||| Stepping randomly (stuck).
  4775 | D:5      | 4775 ||| Stepping randomly (stuck).
  4776 | D:5      | 4776 ||| Stepping randomly (stuck).
  4777 | D:5      | 4777 ||| Stepping randomly (stuck).
  4778 | D:5      | 4778 ||| Stepping randomly (stuck).
  4779 | D:5      | 4779 ||| Stepping randomly (stuck).
  4780 | D:5      | 4780 ||| Stepping randomly (stuck).
  4781 | D:5      | 4781 ||| Stepping randomly (stuck).
  4782 | D:5      | 4782 ||| Stepping randomly (stuck).
  4783 | D:5      | 4783 ||| Stepping randomly (stuck).
  4784 | D:5      | 4784 ||| Stepping randomly (stuck).
  4785 | D:5      | 4785 ||| Stepping randomly (stuck).
  4786 | D:5      | 4786 ||| Stepping randomly (stuck).
  4787 | D:5      | 4787 ||| Stepping randomly (stuck).
  4788 | D:5      | 4788 ||| Stepping randomly (stuck).
  4789 | D:5      | 4789 ||| Stepping randomly (stuck).
  4790 | D:5      | 4790 ||| Stepping randomly (stuck).
  4791 | D:5      | 4791 ||| Stepping randomly (stuck).
  4792 | D:5      | 4792 ||| Stepping randomly (stuck).
  4793 | D:5      | 4793 ||| Stepping randomly (stuck).
  4794 | D:5      | 4794 ||| Stepping randomly (stuck).
  4795 | D:5      | 4795 ||| Stepping randomly (stuck).
  4796 | D:5      | 4796 ||| Stepping randomly (stuck).
  4797 | D:5      | 4797 ||| Stepping randomly (stuck).
  4798 | D:5      | 4798 ||| Stepping randomly (stuck).
  4799 | D:5      | 4799 ||| Stepping randomly (stuck).
  4800 | D:5      | 4800 ||| Stepping randomly (stuck).
  4801 | D:5      | 4801 ||| Stepping randomly (stuck).
  4802 | D:5      | 4802 ||| Stepping randomly (stuck).
  4803 | D:5      | 4803 ||| Stepping randomly (stuck).
  4804 | D:5      | 4804 ||| Stepping randomly (stuck).
  4805 | D:5      | 4805 ||| Stepping randomly (stuck).
  4806 | D:5      | 4806 ||| Stepping randomly (stuck).
  4807 | D:5      | 4807 ||| Stepping randomly (stuck).
  4808 | D:5      | 4808 ||| Stepping randomly (stuck).
  4809 | D:5      | 4809 ||| Stepping randomly (stuck).
  4810 | D:5      | 4810 ||| Stepping randomly (stuck).
  4811 | D:5      | 4811 ||| Stepping randomly (stuck).
  4812 | D:5      | 4812 ||| Stepping randomly (stuck).
  4813 | D:5      | 4813 ||| Stepping randomly (stuck).
  4814 | D:5      | 4814 ||| Stepping randomly (stuck).
  4815 | D:5      | 4815 ||| Stepping randomly (stuck).
  4816 | D:5      | 4816 ||| Stepping randomly (stuck).
  4817 | D:5      | 4817 ||| Stepping randomly (stuck).
  4818 | D:5      | 4818 ||| Stepping randomly (stuck).
  4819 | D:5      | 4819 ||| Stepping randomly (stuck).
  4820 | D:5      | 4820 ||| Stepping randomly (stuck).
  4821 | D:5      | 4821 ||| Stepping randomly (stuck).
  4822 | D:5      | 4822 ||| Stepping randomly (stuck).
  4823 | D:5      | 4823 ||| Stepping randomly (stuck).
  4824 | D:5      | 4824 ||| Stepping randomly (stuck).
  4825 | D:5      | 4825 ||| Stepping randomly (stuck).
  4826 | D:5      | 4826 ||| Stepping randomly (stuck).
  4827 | D:5      | 4827 ||| Stepping randomly (stuck).
  4828 | D:5      | 4828 ||| Stepping randomly (stuck).
  4829 | D:5      | 4829 ||| Stepping randomly (stuck).
  4830 | D:5      | 4830 ||| Stepping randomly (stuck).
  4831 | D:5      | 4831 ||| Stepping randomly (stuck).
  4832 | D:5      | 4832 ||| Stepping randomly (stuck).
  4833 | D:5      | 4833 ||| Stepping randomly (stuck).
  4834 | D:5      | 4834 ||| Stepping randomly (stuck).
  4835 | D:5      | 4835 ||| Stepping randomly (stuck).
  4836 | D:5      | 4836 ||| Stepping randomly (stuck).
  4837 | D:5      | 4837 ||| Stepping randomly (stuck).
  4838 | D:5      | 4838 ||| Stepping randomly (stuck).
  4839 | D:5      | 4839 ||| Stepping randomly (stuck).
  4840 | D:5      | 4840 ||| Stepping randomly (stuck).
  4841 | D:5      | 4841 ||| Stepping randomly (stuck).
  4842 | D:5      | 4842 ||| Stepping randomly (stuck).
  4843 | D:5      | 4843 ||| Stepping randomly (stuck).
  4844 | D:5      | 4844 ||| Stepping randomly (stuck).
  4845 | D:5      | 4845 ||| Stepping randomly (stuck).
  4846 | D:5      | 4846 ||| Stepping randomly (stuck).
  4847 | D:5      | 4847 ||| Stepping randomly (stuck).
  4848 | D:5      | 4848 ||| Stepping randomly (stuck).
  4849 | D:5      | 4849 ||| Stepping randomly (stuck).
  4850 | D:5      | 4850 ||| Stepping randomly (stuck).
  4851 | D:5      | 4851 ||| Stepping randomly (stuck).
  4852 | D:5      | 4852 ||| Stepping randomly (stuck).
  4853 | D:5      | 4853 ||| Stepping randomly (stuck).
  4854 | D:5      | 4854 ||| Stepping randomly (stuck).
  4855 | D:5      | 4855 ||| Stepping randomly (stuck).
  4856 | D:5      | 4856 ||| Stepping randomly (stuck).
  4857 | D:5      | 4857 ||| Stepping randomly (stuck).
  4858 | D:5      | 4858 ||| Stepping randomly (stuck).
  4859 | D:5      | 4859 ||| Stepping randomly (stuck).
  4860 | D:5      | 4860 ||| Stepping randomly (stuck).
  4861 | D:5      | 4861 ||| Stepping randomly (stuck).
  4862 | D:5      | 4862 ||| Stepping randomly (stuck).
  4863 | D:5      | 4863 ||| Stepping randomly (stuck).
  4864 | D:5      | 4864 ||| Stepping randomly (stuck).
  4865 | D:5      | 4865 ||| Stepping randomly (stuck).
  4866 | D:5      | 4866 ||| Stepping randomly (stuck).
  4867 | D:5      | 4867 ||| Stepping randomly (stuck).
  4868 | D:5      | 4868 ||| Stepping randomly (stuck).
  4869 | D:5      | 4869 ||| Stepping randomly (stuck).
  4870 | D:5      | 4870 ||| Stepping randomly (stuck).
  4871 | D:5      | 4871 ||| Stepping randomly (stuck).
  4872 | D:5      | 4872 ||| Stepping randomly (stuck).
  4873 | D:5      | 4873 ||| Stepping randomly (stuck).
  4874 | D:5      | 4874 ||| Stepping randomly (stuck).
  4875 | D:5      | 4875 ||| Stepping randomly (stuck).
  4876 | D:5      | 4876 ||| Stepping randomly (stuck).
  4877 | D:5      | 4877 ||| Stepping randomly (stuck).
  4878 | D:5      | 4878 ||| Stepping randomly (stuck).
  4879 | D:5      | 4879 ||| Stepping randomly (stuck).
  4880 | D:5      | 4880 ||| Stepping randomly (stuck).
  4881 | D:5      | 4881 ||| Stepping randomly (stuck).
  4882 | D:5      | 4882 ||| Stepping randomly (stuck).
  4883 | D:5      | 4883 ||| Stepping randomly (stuck).
  4884 | D:5      | 4884 ||| Stepping randomly (stuck).
  4885 | D:5      | 4885 ||| Stepping randomly (stuck).
  4886 | D:5      | 4886 ||| Stepping randomly (stuck).
  4887 | D:5      | 4887 ||| Stepping randomly (stuck).
  4888 | D:5      | 4888 ||| Stepping randomly (stuck).
  4889 | D:5      | 4889 ||| Stepping randomly (stuck).
  4890 | D:5      | 4890 ||| Stepping randomly (stuck).
  4891 | D:5      | 4891 ||| Stepping randomly (stuck).
  4892 | D:5      | 4892 ||| Stepping randomly (stuck).
  4893 | D:5      | 4893 ||| Stepping randomly (stuck).
  4894 | D:5      | 4894 ||| Stepping randomly (stuck).
  4895 | D:5      | 4895 ||| Stepping randomly (stuck).
  4896 | D:5      | 4896 ||| Stepping randomly (stuck).
  4897 | D:5      | 4897 ||| Stepping randomly (stuck).
  4898 | D:5      | 4898 ||| Stepping randomly (stuck).
  4899 | D:5      | 4899 ||| Stepping randomly (stuck).
  4900 | D:5      | 4900 ||| Stepping randomly (stuck).
  4901 | D:5      | 4901 ||| Stepping randomly (stuck).
  4902 | D:5      | 4902 ||| Stepping randomly (stuck).
  4903 | D:5      | 4903 ||| Stepping randomly (stuck).
  4904 | D:5      | 4904 ||| Stepping randomly (stuck).
  4905 | D:5      | 4905 ||| Stepping randomly (stuck).
  4906 | D:5      | 4906 ||| Stepping randomly (stuck).
  4907 | D:5      | 4907 ||| Stepping randomly (stuck).
  4908 | D:5      | 4908 ||| Stepping randomly (stuck).
  4909 | D:5      | 4909 ||| Stepping randomly (stuck).
  4910 | D:5      | 4910 ||| Stepping randomly (stuck).
  4911 | D:5      | 4911 ||| Stepping randomly (stuck).
  4912 | D:5      | 4912 ||| Stepping randomly (stuck).
  4913 | D:5      | 4913 ||| Stepping randomly (stuck).
  4914 | D:5      | 4914 ||| Stepping randomly (stuck).
  4915 | D:5      | 4915 ||| Stepping randomly (stuck).
  4916 | D:5      | 4916 ||| Stepping randomly (stuck).
  4917 | D:5      | 4917 ||| Stepping randomly (stuck).
  4918 | D:5      | 4918 ||| Stepping randomly (stuck).
  4919 | D:5      | 4919 ||| Stepping randomly (stuck).
  4920 | D:5      | 4920 ||| Stepping randomly (stuck).
  4921 | D:5      | 4921 ||| Stepping randomly (stuck).
  4922 | D:5      | 4922 ||| Stepping randomly (stuck).
  4923 | D:5      | 4923 ||| Stepping randomly (stuck).
  4924 | D:5      | 4924 ||| Stepping randomly (stuck).
  4925 | D:5      | 4925 ||| Stepping randomly (stuck).
  4926 | D:5      | 4926 ||| Stepping randomly (stuck).
  4927 | D:5      | 4927 ||| Stepping randomly (stuck).
  4928 | D:5      | 4928 ||| Stepping randomly (stuck).
  4929 | D:5      | 4929 ||| Stepping randomly (stuck).
  4930 | D:5      | 4930 ||| Stepping randomly (stuck).
  4931 | D:5      | 4931 ||| Stepping randomly (stuck).
  4932 | D:5      | 4932 ||| Stepping randomly (stuck).
  4933 | D:5      | 4933 ||| Stepping randomly (stuck).
  4934 | D:5      | 4934 ||| Stepping randomly (stuck).
  4935 | D:5      | 4935 ||| Stepping randomly (stuck).
  4936 | D:5      | 4936 ||| Stepping randomly (stuck).
  4937 | D:5      | 4937 ||| Stepping randomly (stuck).
  4938 | D:5      | 4938 ||| Stepping randomly (stuck).
  4939 | D:5      | 4939 ||| Stepping randomly (stuck).
  4940 | D:5      | 4940 ||| Stepping randomly (stuck).
  4941 | D:5      | 4941 ||| Stepping randomly (stuck).
  4942 | D:5      | 4942 ||| Stepping randomly (stuck).
  4943 | D:5      | 4943 ||| Stepping randomly (stuck).
  4944 | D:5      | 4944 ||| Stepping randomly (stuck).
  4945 | D:5      | 4945 ||| Stepping randomly (stuck).
  4946 | D:5      | 4946 ||| Stepping randomly (stuck).
  4947 | D:5      | 4947 ||| Stepping randomly (stuck).
  4948 | D:5      | 4948 ||| Stepping randomly (stuck).
  4949 | D:5      | 4949 ||| Stepping randomly (stuck).
  4950 | D:5      | 4950 ||| Stepping randomly (stuck).
  4951 | D:5      | 4951 ||| Stepping randomly (stuck).
  4952 | D:5      | 4952 ||| Stepping randomly (stuck).
  4953 | D:5      | 4953 ||| Stepping randomly (stuck).
  4954 | D:5      | 4954 ||| Stepping randomly (stuck).
  4955 | D:5      | 4955 ||| Stepping randomly (stuck).
  4956 | D:5      | 4956 ||| Stepping randomly (stuck).
  4957 | D:5      | 4957 ||| Stepping randomly (stuck).
  4958 | D:5      | 4958 ||| Stepping randomly (stuck).
  4959 | D:5      | 4959 ||| Stepping randomly (stuck).
  4960 | D:5      | 4960 ||| Stepping randomly (stuck).
  4961 | D:5      | 4961 ||| Stepping randomly (stuck).
  4962 | D:5      | 4962 ||| Stepping randomly (stuck).
  4963 | D:5      | 4963 ||| Stepping randomly (stuck).
  4964 | D:5      | 4964 ||| Stepping randomly (stuck).
  4965 | D:5      | 4965 ||| Stepping randomly (stuck).
  4966 | D:5      | 4966 ||| Stepping randomly (stuck).
  4967 | D:5      | 4967 ||| Stepping randomly (stuck).
  4968 | D:5      | 4968 ||| Stepping randomly (stuck).
  4969 | D:5      | 4969 ||| Stepping randomly (stuck).
  4970 | D:5      | 4970 ||| Stepping randomly (stuck).
  4971 | D:5      | 4971 ||| Stepping randomly (stuck).
  4972 | D:5      | 4972 ||| Stepping randomly (stuck).
  4973 | D:5      | 4973 ||| Stepping randomly (stuck).
  4974 | D:5      | 4974 ||| Stepping randomly (stuck).
  4975 | D:5      | 4975 ||| Stepping randomly (stuck).
  4976 | D:5      | 4976 ||| Stepping randomly (stuck).
  4977 | D:5      | 4977 ||| Stepping randomly (stuck).
  4978 | D:5      | 4978 ||| Stepping randomly (stuck).
  4979 | D:5      | 4979 ||| Stepping randomly (stuck).
  4980 | D:5      | 4980 ||| Stepping randomly (stuck).
  4981 | D:5      | 4981 ||| Stepping randomly (stuck).
  4982 | D:5      | 4982 ||| Stepping randomly (stuck).
  4983 | D:5      | 4983 ||| Stepping randomly (stuck).
  4984 | D:5      | 4984 ||| Stepping randomly (stuck).
  4985 | D:5      | 4985 ||| Stepping randomly (stuck).
  4986 | D:5      | 4986 ||| Stepping randomly (stuck).
  4987 | D:5      | 4987 ||| Stepping randomly (stuck).
  4988 | D:5      | 4988 ||| Stepping randomly (stuck).
  4989 | D:5      | 4989 ||| Stepping randomly (stuck).
  4990 | D:5      | 4990 ||| Stepping randomly (stuck).
  4991 | D:5      | 4991 ||| Stepping randomly (stuck).
  4992 | D:5      | 4992 ||| Stepping randomly (stuck).
  4993 | D:5      | 4993 ||| Stepping randomly (stuck).
  4994 | D:5      | 4994 ||| Stepping randomly (stuck).
  4995 | D:5      | 4995 ||| Stepping randomly (stuck).
  4996 | D:5      | 4996 ||| Stepping randomly (stuck).
  4997 | D:5      | 4997 ||| Stepping randomly (stuck).
  4998 | D:5      | 4998 ||| Stepping randomly (stuck).
  4999 | D:5      | 4999 ||| Stepping randomly (stuck).
  5000 | D:5      | 5000 ||| Stepping randomly (stuck).
  5001 | D:5      | 5001 ||| Stepping randomly (stuck).
  5002 | D:5      | 5002 ||| Stepping randomly (stuck).
  5003 | D:5      | 5003 ||| Stepping randomly (stuck).
  5004 | D:5      | 5004 ||| Stepping randomly (stuck).
  5005 | D:5      | 5005 ||| Stepping randomly (stuck).
  5006 | D:5      | 5006 ||| Stepping randomly (stuck).
  5007 | D:5      | 5007 ||| Stepping randomly (stuck).
  5008 | D:5      | 5008 ||| Stepping randomly (stuck).
  5009 | D:5      | 5009 ||| Stepping randomly (stuck).
  5010 | D:5      | 5010 ||| Stepping randomly (stuck).
  5011 | D:5      | 5011 ||| Stepping randomly (stuck).
  5012 | D:5      | 5012 ||| Stepping randomly (stuck).
  5013 | D:5      | 5013 ||| Stepping randomly (stuck).
  5014 | D:5      | 5014 ||| Stepping randomly (stuck).
  5015 | D:5      | 5015 ||| Stepping randomly (stuck).
  5016 | D:5      | 5016 ||| Stepping randomly (stuck).
  5017 | D:5      | 5017 ||| Stepping randomly (stuck).
  5018 | D:5      | 5018 ||| Stepping randomly (stuck).
  5019 | D:5      | 5019 ||| Stepping randomly (stuck).
  5020 | D:5      | 5020 ||| Stepping randomly (stuck).
  5021 | D:5      | 5021 ||| Stepping randomly (stuck).
  5022 | D:5      | 5022 ||| Stepping randomly (stuck).
  5023 | D:5      | 5023 ||| Stepping randomly (stuck).
  5024 | D:5      | 5024 ||| Stepping randomly (stuck).
  5025 | D:5      | 5025 ||| Stepping randomly (stuck).
  5026 | D:5      | 5026 ||| Stepping randomly (stuck).
  5027 | D:5      | 5027 ||| Stepping randomly (stuck).
  5028 | D:5      | 5028 ||| Stepping randomly (stuck).
  5029 | D:5      | 5029 ||| Stepping randomly (stuck).
  5030 | D:5      | 5030 ||| Stepping randomly (stuck).
  5031 | D:5      | 5031 ||| Stepping randomly (stuck).
  5032 | D:5      | 5032 ||| Stepping randomly (stuck).
  5033 | D:5      | 5033 ||| Stepping randomly (stuck).
  5034 | D:5      | 5034 ||| Stepping randomly (stuck).
  5035 | D:5      | 5035 ||| Stepping randomly (stuck).
  5036 | D:5      | 5036 ||| Stepping randomly (stuck).
  5037 | D:5      | 5037 ||| Stepping randomly (stuck).
  5038 | D:5      | 5038 ||| Stepping randomly (stuck).
  5039 | D:5      | 5039 ||| Stepping randomly (stuck).
  5040 | D:5      | 5040 ||| Stepping randomly (stuck).
  5041 | D:5      | 5041 ||| Stepping randomly (stuck).
  5042 | D:5      | 5042 ||| Stepping randomly (stuck).
  5043 | D:5      | 5043 ||| Stepping randomly (stuck).
  5044 | D:5      | 5044 ||| Stepping randomly (stuck).
  5045 | D:5      | 5045 ||| Stepping randomly (stuck).
  5046 | D:5      | 5046 ||| Stepping randomly (stuck).
  5047 | D:5      | 5047 ||| Stepping randomly (stuck).
  5048 | D:5      | 5048 ||| Stepping randomly (stuck).
  5049 | D:5      | 5049 ||| Stepping randomly (stuck).
  5050 | D:5      | 5050 ||| Stepping randomly (stuck).
  5051 | D:5      | 5051 ||| Stepping randomly (stuck).
  5052 | D:5      | 5052 ||| Stepping randomly (stuck).
  5053 | D:5      | 5053 ||| Stepping randomly (stuck).
  5054 | D:5      | 5054 ||| Stepping randomly (stuck).
  5055 | D:5      | 5055 ||| Stepping randomly (stuck).
  5056 | D:5      | 5056 ||| Stepping randomly (stuck).
  5057 | D:5      | 5057 ||| Stepping randomly (stuck).
  5058 | D:5      | 5058 ||| Stepping randomly (stuck).
  5059 | D:5      | 5059 ||| Stepping randomly (stuck).
  5060 | D:5      | 5060 ||| Stepping randomly (stuck).
  5061 | D:5      | 5061 ||| Stepping randomly (stuck).
  5062 | D:5      | 5062 ||| Stepping randomly (stuck).
  5063 | D:5      | 5063 ||| Stepping randomly (stuck).
  5064 | D:5      | 5064 ||| Stepping randomly (stuck).
  5065 | D:5      | 5065 ||| Stepping randomly (stuck).
  5066 | D:5      | 5066 ||| Stepping randomly (stuck).
  5067 | D:5      | 5067 ||| Stepping randomly (stuck).
  5068 | D:5      | 5068 ||| Stepping randomly (stuck).
  5069 | D:5      | 5069 ||| Stepping randomly (stuck).
  5070 | D:5      | 5070 ||| Stepping randomly (stuck).
  5071 | D:5      | 5071 ||| Stepping randomly (stuck).
  5072 | D:5      | 5072 ||| Stepping randomly (stuck).
  5073 | D:5      | 5073 ||| Stepping randomly (stuck).
  5074 | D:5      | 5074 ||| Stepping randomly (stuck).
  5075 | D:5      | 5075 ||| Stepping randomly (stuck).
  5076 | D:5      | 5076 ||| Stepping randomly (stuck).
  5077 | D:5      | 5077 ||| Stepping randomly (stuck).
  5078 | D:5      | 5078 ||| Stepping randomly (stuck).
  5079 | D:5      | 5079 ||| Stepping randomly (stuck).
  5080 | D:5      | 5080 ||| Stepping randomly (stuck).
  5081 | D:5      | 5081 ||| Stepping randomly (stuck).
  5082 | D:5      | 5082 ||| Stepping randomly (stuck).
  5083 | D:5      | 5083 ||| Stepping randomly (stuck).
  5084 | D:5      | 5084 ||| Stepping randomly (stuck).
  5085 | D:5      | 5085 ||| Stepping randomly (stuck).
  5086 | D:5      | 5086 ||| Stepping randomly (stuck).
  5087 | D:5      | 5087 ||| Stepping randomly (stuck).
  5088 | D:5      | 5088 ||| Stepping randomly (stuck).
  5089 | D:5      | 5089 ||| Stepping randomly (stuck).
  5090 | D:5      | 5090 ||| Stepping randomly (stuck).
  5091 | D:5      | 5091 ||| Stepping randomly (stuck).
  5092 | D:5      | 5092 ||| Stepping randomly (stuck).
  5093 | D:5      | 5093 ||| Stepping randomly (stuck).
  5094 | D:5      | 5094 ||| Stepping randomly (stuck).
  5095 | D:5      | 5095 ||| Stepping randomly (stuck).
  5096 | D:5      | 5096 ||| Stepping randomly (stuck).
  5097 | D:5      | 5097 ||| Stepping randomly (stuck).
  5098 | D:5      | 5098 ||| Stepping randomly (stuck).
  5099 | D:5      | 5099 ||| Stepping randomly (stuck).
  5100 | D:5      | 5100 ||| Stepping randomly (stuck).
  5101 | D:5      | 5101 ||| Stepping randomly (stuck).
  5102 | D:5      | 5102 ||| Stepping randomly (stuck).
  5103 | D:5      | 5103 ||| Stepping randomly (stuck).
  5104 | D:5      | 5104 ||| Stepping randomly (stuck).
  5105 | D:5      | 5105 ||| Stepping randomly (stuck).
  5106 | D:5      | 5106 ||| Stepping randomly (stuck).
  5107 | D:5      | 5107 ||| Stepping randomly (stuck).
  5108 | D:5      | 5108 ||| Stepping randomly (stuck).
  5109 | D:5      | 5109 ||| Stepping randomly (stuck).
  5110 | D:5      | 5110 ||| Stepping randomly (stuck).
  5111 | D:5      | 5111 ||| Stepping randomly (stuck).
  5112 | D:5      | 5112 ||| Stepping randomly (stuck).
  5113 | D:5      | 5113 ||| Stepping randomly (stuck).
  5114 | D:5      | 5114 ||| Stepping randomly (stuck).
  5115 | D:5      | 5115 ||| Stepping randomly (stuck).
  5116 | D:5      | 5116 ||| Stepping randomly (stuck).
  5117 | D:5      | 5117 ||| Stepping randomly (stuck).
  5118 | D:5      | 5118 ||| Stepping randomly (stuck).
  5119 | D:5      | 5119 ||| Stepping randomly (stuck).
  5120 | D:5      | 5120 ||| Stepping randomly (stuck).
  5121 | D:5      | 5121 ||| Stepping randomly (stuck).
  5122 | D:5      | 5122 ||| Stepping randomly (stuck).
  5123 | D:5      | 5123 ||| Stepping randomly (stuck).
  5124 | D:5      | 5124 ||| Stepping randomly (stuck).
  5125 | D:5      | 5125 ||| Stepping randomly (stuck).
  5126 | D:5      | 5126 ||| Stepping randomly (stuck).
  5127 | D:5      | 5127 ||| Stepping randomly (stuck).
  5128 | D:5      | 5128 ||| Stepping randomly (stuck).
  5129 | D:5      | 5129 ||| Stepping randomly (stuck).
  5130 | D:5      | 5130 ||| Stepping randomly (stuck).
  5131 | D:5      | 5131 ||| Stepping randomly (stuck).
  5132 | D:5      | 5132 ||| Stepping randomly (stuck).
  5133 | D:5      | 5133 ||| Stepping randomly (stuck).
  5134 | D:5      | 5134 ||| Stepping randomly (stuck).
  5135 | D:5      | 5135 ||| Stepping randomly (stuck).
  5136 | D:5      | 5136 ||| Stepping randomly (stuck).
  5137 | D:5      | 5137 ||| Stepping randomly (stuck).
  5138 | D:5      | 5138 ||| Stepping randomly (stuck).
  5139 | D:5      | 5139 ||| Stepping randomly (stuck).
  5140 | D:5      | 5140 ||| Stepping randomly (stuck).
  5141 | D:5      | 5141 ||| Stepping randomly (stuck).
  5142 | D:5      | 5142 ||| Stepping randomly (stuck).
  5143 | D:5      | 5143 ||| Stepping randomly (stuck).
  5144 | D:5      | 5144 ||| Stepping randomly (stuck).
  5145 | D:5      | 5145 ||| Stepping randomly (stuck).
  5146 | D:5      | 5146 ||| Stepping randomly (stuck).
  5147 | D:5      | 5147 ||| Stepping randomly (stuck).
  5148 | D:5      | 5148 ||| Stepping randomly (stuck).
  5149 | D:5      | 5149 ||| Stepping randomly (stuck).
  5150 | D:5      | 5150 ||| Stepping randomly (stuck).
  5151 | D:5      | 5151 ||| Stepping randomly (stuck).
  5152 | D:5      | 5152 ||| Stepping randomly (stuck).
  5153 | D:5      | 5153 ||| Stepping randomly (stuck).
  5154 | D:5      | 5154 ||| Stepping randomly (stuck).
  5155 | D:5      | 5155 ||| Stepping randomly (stuck).
  5156 | D:5      | 5156 ||| Stepping randomly (stuck).
  5157 | D:5      | 5157 ||| Stepping randomly (stuck).
  5158 | D:5      | 5158 ||| Stepping randomly (stuck).
  5159 | D:5      | 5159 ||| Stepping randomly (stuck).
  5160 | D:5      | 5160 ||| Stepping randomly (stuck).
  5161 | D:5      | 5161 ||| Stepping randomly (stuck).
  5162 | D:5      | 5162 ||| Stepping randomly (stuck).
  5163 | D:5      | 5163 ||| Stepping randomly (stuck).
  5164 | D:5      | 5164 ||| Stepping randomly (stuck).
  5165 | D:5      | 5165 ||| Stepping randomly (stuck).
  5166 | D:5      | 5166 ||| Stepping randomly (stuck).
  5167 | D:5      | 5167 ||| Stepping randomly (stuck).
  5168 | D:5      | 5168 ||| Stepping randomly (stuck).
  5169 | D:5      | 5169 ||| Stepping randomly (stuck).
  5170 | D:5      | 5170 ||| Stepping randomly (stuck).
  5171 | D:5      | 5171 ||| Stepping randomly (stuck).
  5172 | D:5      | 5172 ||| Stepping randomly (stuck).
  5173 | D:5      | 5173 ||| Stepping randomly (stuck).
  5174 | D:5      | 5174 ||| Stepping randomly (stuck).
  5175 | D:5      | 5175 ||| Stepping randomly (stuck).
  5176 | D:5      | 5176 ||| Stepping randomly (stuck).
  5177 | D:5      | 5177 ||| Stepping randomly (stuck).
  5178 | D:5      | 5178 ||| Stepping randomly (stuck).
  5179 | D:5      | 5179 ||| Stepping randomly (stuck).
  5180 | D:5      | 5180 ||| Stepping randomly (stuck).
  5181 | D:5      | 5181 ||| Stepping randomly (stuck).
  5182 | D:5      | 5182 ||| Stepping randomly (stuck).
  5183 | D:5      | 5183 ||| Stepping randomly (stuck).
  5184 | D:5      | 5184 ||| Stepping randomly (stuck).
  5185 | D:5      | 5185 ||| Stepping randomly (stuck).
  5186 | D:5      | 5186 ||| Stepping randomly (stuck).
  5187 | D:5      | 5187 ||| Stepping randomly (stuck).
  5188 | D:5      | 5188 ||| Stepping randomly (stuck).
  5189 | D:5      | 5189 ||| Stepping randomly (stuck).
  5190 | D:5      | 5190 ||| Stepping randomly (stuck).
  5191 | D:5      | 5191 ||| Stepping randomly (stuck).
  5192 | D:5      | 5192 ||| Stepping randomly (stuck).
  5193 | D:5      | 5193 ||| Stepping randomly (stuck).
  5194 | D:5      | 5194 ||| Stepping randomly (stuck).
  5195 | D:5      | 5195 ||| Stepping randomly (stuck).
  5196 | D:5      | 5196 ||| Stepping randomly (stuck).
  5197 | D:5      | 5197 ||| Stepping randomly (stuck).
  5198 | D:5      | 5198 ||| Stepping randomly (stuck).
  5199 | D:5      | 5199 ||| Stepping randomly (stuck).
  5200 | D:5      | 5200 ||| Stepping randomly (stuck).
  5201 | D:5      | 5201 ||| Stepping randomly (stuck).
  5202 | D:5      | 5202 ||| Stepping randomly (stuck).
  5203 | D:5      | 5203 ||| Stepping randomly (stuck).
  5204 | D:5      | 5204 ||| Stepping randomly (stuck).
  5205 | D:5      | 5205 ||| Stepping randomly (stuck).
  5206 | D:5      | 5206 ||| Stepping randomly (stuck).
  5207 | D:5      | 5207 ||| Stepping randomly (stuck).
  5208 | D:5      | 5208 ||| Stepping randomly (stuck).
  5209 | D:5      | 5209 ||| Stepping randomly (stuck).
  5210 | D:5      | 5210 ||| Stepping randomly (stuck).
  5211 | D:5      | 5211 ||| Stepping randomly (stuck).
  5212 | D:5      | 5212 ||| Stepping randomly (stuck).
  5213 | D:5      | 5213 ||| Stepping randomly (stuck).
  5214 | D:5      | 5214 ||| Stepping randomly (stuck).
  5215 | D:5      | 5215 ||| Stepping randomly (stuck).
  5216 | D:5      | 5216 ||| Stepping randomly (stuck).
  5217 | D:5      | 5217 ||| Stepping randomly (stuck).
  5218 | D:5      | 5218 ||| Stepping randomly (stuck).
  5219 | D:5      | 5219 ||| Stepping randomly (stuck).
  5220 | D:5      | 5220 ||| Stepping randomly (stuck).
  5221 | D:5      | 5221 ||| Stepping randomly (stuck).
  5222 | D:5      | 5222 ||| Stepping randomly (stuck).
  5223 | D:5      | 5223 ||| Stepping randomly (stuck).
  5224 | D:5      | 5224 ||| Stepping randomly (stuck).
  5225 | D:5      | 5225 ||| Stepping randomly (stuck).
  5226 | D:5      | 5226 ||| Stepping randomly (stuck).
  5227 | D:5      | 5227 ||| Stepping randomly (stuck).
  5228 | D:5      | 5228 ||| Stepping randomly (stuck).
  5229 | D:5      | 5229 ||| Stepping randomly (stuck).
  5230 | D:5      | 5230 ||| Stepping randomly (stuck).
  5231 | D:5      | 5231 ||| Stepping randomly (stuck).
  5232 | D:5      | 5232 ||| Stepping randomly (stuck).
  5233 | D:5      | 5233 ||| Stepping randomly (stuck).
  5234 | D:5      | 5234 ||| Stepping randomly (stuck).
  5235 | D:5      | 5235 ||| Stepping randomly (stuck).
  5236 | D:5      | 5236 ||| Stepping randomly (stuck).
  5237 | D:5      | 5237 ||| Stepping randomly (stuck).
  5238 | D:5      | 5238 ||| Stepping randomly (stuck).
  5239 | D:5      | 5239 ||| Stepping randomly (stuck).
  5240 | D:5      | 5240 ||| Stepping randomly (stuck).
  5241 | D:5      | 5241 ||| Stepping randomly (stuck).
  5242 | D:5      | 5242 ||| Stepping randomly (stuck).
  5243 | D:5      | 5243 ||| Stepping randomly (stuck).
  5244 | D:5      | 5244 ||| Stepping randomly (stuck).
  5245 | D:5      | 5245 ||| Stepping randomly (stuck).
  5246 | D:5      | 5246 ||| Stepping randomly (stuck).
  5247 | D:5      | 5247 ||| Stepping randomly (stuck).
  5248 | D:5      | 5248 ||| Stepping randomly (stuck).
  5249 | D:5      | 5249 ||| Stepping randomly (stuck).
  5250 | D:5      | 5250 ||| Stepping randomly (stuck).
  5251 | D:5      | 5251 ||| Stepping randomly (stuck).
  5252 | D:5      | 5252 ||| Stepping randomly (stuck).
  5253 | D:5      | 5253 ||| Stepping randomly (stuck).
  5254 | D:5      | 5254 ||| Stepping randomly (stuck).
  5255 | D:5      | 5255 ||| Stepping randomly (stuck).
  5256 | D:5      | 5256 ||| Stepping randomly (stuck).
  5257 | D:5      | 5257 ||| Stepping randomly (stuck).
  5258 | D:5      | 5258 ||| Stepping randomly (stuck).
  5259 | D:5      | 5259 ||| Stepping randomly (stuck).
  5260 | D:5      | 5260 ||| QUITTING!
  5260 | D:5      | 5260 ||| QUITTING!
  5260 | D:5      | 5260 ||| Stepping randomly (stuck).
  5261 | D:5      | Quit the game

Levels and vault maps discovered:
D:1:      dpeg_arrival_subterranean_lakeside_camping, layout_basic,
          bh_walls_and_bars
D:2:      layout_loops_corners, shapermc_ecumenical_altar_mp_ritualfount,
          chequers_serial_rivers_room_a, uniq_robin, uniq_crazy_yiuf_cottage
D:3:      layout_basic, general_overflow_altar, nicolae_elyvilon_peaceful_grove,
          ebering_ghost_reflecting_pool, kennysheep_generic_room_12,
          uniq_terence, uniq_grinder
D:4:      layout_loops_ring, kennysheep_mini_moat, ebering_ghost_inner_flame,
          uniq_duvessa, uniq_natasha
D:5:      layout_rooms, nicolae_gozag_seed_capital,
          nicolae_overflow_hidden_temple, nicolae_figureground_pulse
D:6:      layout_rooms, xom_confusion_cloud, nicolae_dithmenos_shadow_blocks,
          temple_doors_cd
D:7:      nzn_winding_woodlands_stair_cross
          [nzn_winding_woodlands_5x15_pathside_ponds,
          nzn_winding_woodlands_center_triple_pond,
          nzn_winding_woodlands_5x15_lazy_stream,
          nzn_winding_woodlands_5x5_checkerboard,
          nzn_winding_woodlands_5x5_perimeter, nzn_winding_woodlands_5x15_twine,
          nzn_winding_woodlands_center_pierced_h,
          nzn_winding_woodlands_5x15_crooked], layout_loops_cross, zin_treasury,
          old_standard_altar, serial_shops, shop, david_defended_altar_orc

Skill      XL: |  1  2  3  4  5  6  7  8  9 |
---------------+----------------------------+-----
Ranged Weapons | 5 6 8 9 10 | 10.2
Fighting       | 3 5 6 14 | 14.1
Armour         | 2 3 |  3.2
Dodging        | 2 |  2.2
Stealth        | |  1.1

Action                     |  1- 3 |  4- 6 |  7- 9 | 10-12 || total
---------------------------+-------+-------+-------+-------++-------
   Fire: Shortbow          |   137 |   221 |   343 |     4 ||   705
    Use: Scroll            |     2 |     4 |    10 |       ||    16
         Potion            |       |     1 |     3 |       ||     4
 Armour: Leather armour    |    46 |    17 |       |       ||    63
         Ring mail         |       |    65 |   284 |       ||   349
  Dodge: Dodged            |    36 |    83 |   198 |       ||   317

Table legend:
 A = Non-vault XP
 B = Vault XP
 C = Vault XP percentage of total XP
 D = Non-vault monster count
 E = Vault monster count
 F = Vault count percentage of total count
                 A         B        C        D         E       F
            +---------+---------+-------+---------+---------+-------
      Total |    1644 |    1013 |  38.1 |     115 |      29 |  20.1
            +---------+---------+-------+---------+---------+-------
        D:1 |      62 |       9 |  12.7 |      35 |       6 |  14.6
        D:2 |      45 |      35 |  43.8 |      13 |      11 |  45.8
        D:3 |     130 |     312 |  70.6 |      18 |       2 |  10.0
        D:4 |     359 |     244 |  40.5 |      26 |       3 |  10.3
        D:5 |     204 |       0 |   0.0 |       9 |       0 |   0.0
        D:6 |     844 |     413 |  32.9 |      14 |       7 |  33.3
            +---------+---------+-------+---------+---------+-------
